 Dungeon Crawl Stone Soup version 0.17.1-3-g152610e (webtiles) character file.

140457 nikopol the Warrior (level 16, -14/152 HPs)
             Began as a Minotaur Berserker on Apr 20, 2016.
             Was the Champion of Trog.
             Demolished by a merfolk impaler
             ... wielding a +3 trident of distortion
              (23 damage)
             ... on level 3 of the Shoals on Apr 21, 2016.
             The game lasted 02:38:02 (36400 turns).

nikopol the Warrior (Minotaur Berserker)           Turns: 36400, Time: 02:38:02

Health: -14/152    AC: 42    Str: 26    XL:     16   Next: 75%
Magic:  15/15      EV: 13    Int:  4    God:    Trog [******]
Gold:   225        SH:  0    Dex: 18    Spells: 0 memorised, 15 levels left

rFire  + . .     SeeInvis +     J - +9 demon trident (elec)
rCold  + + +     Clarity  .     l - +9 armour of the Dragon King {rPois rF+ rC+ MR+}
rNeg   . . .     SustAt   .     (no shield)
rPois  +         Gourm    +     (helmet restricted)
rElec  +         Spirit   .     z - +2 cloak {rC+}
rCorr  .         Warding  .     G - +2 pair of gloves {rC+}
rMut   .         Stasis   .     A - +1 pair of boots
MR     +++..                    g - amulet of the gourmand
Stlth  ..........               a - ring "Aghem" {+Blink rElec MR+ SInv}
                                k - +5 ring of dexterity

@: extremely resistant to hostile enchantments, extremely unstealthy
A: retaliatory headbutt, horns 2, slimy green scales 1, spit poison 1
a: Spit Poison, Berserk, Trog's Hand, Brothers in Arms, Burn Spellbooks,
Renounce Religion, Evoke Blink


You were on level 3 of the Shoals.
You worshipped Trog.
Trog was exalted by your worship.
You were completely stuffed.

You visited 4 branches of the dungeon, and saw 30 of its levels.
You also visited: Ice Cave.

You collected 3914 gold pieces.
You spent 3689 gold pieces at shops.

Inventory:

Hand Weapons
 h - the +2 morningstar "Xiwnois" {antimagic, rElec Stlth+}
   (You found it on level 3 of the Lair of Beasts)

   It disrupts the flow of magical energy around spellcasters and certain
   magical creatures (including the wielder).
   It insulates you from electricity.
   It makes you more stealthy.
 w - the +1 mace of Untimely Demise {flame, rElec rC+}
   (You found it on level 6 of the Lair of Beasts)

   It has been specially enchanted to burn those struck by it, causing extra
   injury to most foes and up to half again as much damage against particularly
   susceptible opponents.
   It protects you from cold.
   It insulates you from electricity.
 D - a +1 bardiche of freezing
 E - a +7 antimagic glaive
 J - a +9 demon trident of electrocution (weapon)
Missiles
 b - 3 tomahawks of dispersal
 x - a javelin of returning (quivered)
Armour
 l - the +9 armour of the Dragon King (worn) {rPois rF+ rC+ MR+}
   (You bought it in a shop on level 4 of the Orcish Mines)

   It protects you from fire.
   It protects you from cold.
   It protects you from poison.
   It affects your resistance to hostile enchantments.
 m - the +0 buckler of Lethargy {rElec rC- MR++ Int+3}
   (You acquired it on level 6 of the Lair of Beasts)

   It affects your intelligence (+3).
   It makes you vulnerable to cold.
   It insulates you from electricity.
   It affects your resistance to hostile enchantments.
 z - a +2 cloak of cold resistance (worn)
 A - a +1 pair of boots (worn)
 G - a +2 pair of gloves of cold resistance (worn)
Jewellery
 a - the ring "Aghem" (right hand) {+Blink rElec MR+ SInv}
   (You bought it in a shop on level 15 of the Dungeon)

   [ring of see invisible]

   It insulates you from electricity.
   It affects your resistance to hostile enchantments.
   It lets you see invisible.
   It lets you blink.
 g - an amulet of the gourmand (around neck)
 k - a +5 ring of dexterity (left hand)
 p - a +1 ring of protection
 q - an uncursed amulet of resist mutation
 v - an uncursed ring of flight
 I - an uncursed ring of positive energy
 U - an uncursed amulet of clarity
 Z - an uncursed ring of teleportation
Wands
 j - a wand of digging (5)
 Q - a wand of fireball (9)
 T - a wand of paralysis (6)
 V - a wand of lightning (15)
 X - a wand of fireball (7)
Scrolls
 e - a scroll of fog
 n - a scroll of magic mapping
 y - 13 scrolls of teleportation
 B - 6 scrolls of fear
 C - 4 scrolls of remove curse
 R - 2 scrolls of blinking
Potions
 d - 3 potions of invisibility
 f - 10 potions of might
 i - 2 potions of flight
 o - 14 potions of curing
 s - a potion of berserk rage {unknown}
 t - 6 potions of haste
 u - 2 potions of brilliance
 F - 3 potions of cancellation
 H - a potion of agility
 K - 2 potions of heal wounds
 L - a potion of cure mutation
Miscellaneous
 M - a phantom mirror
Comestibles
 c - 10 bread rations
 r - 7 meat rations
 N - 5 chunks of flesh
 O - 11 slices of pizza
 Y - 14 fruits


   Skills:
 + Level 16.6 Fighting
 - Level 10.5 Maces & Flails
 * Level 16.1 Polearms
 + Level 10.8 Throwing
 + Level 16.3 Armour
 + Level 13.3 Dodging
 - Level 6.4 Shields


You had 15 spell levels left.
You didn't know any spells.

Dungeon Overview and Level Annotations

Branches:
Dungeon (15/15)            Temple (0/1) D:6            Lair (8/8) D:11
 Shoals (3/4) Lair:6       Spider (0/4) Lair:5        Slime (0/6) Lair:7
    Orc (4/4) D:11            Elf (0/3) Orc:4        Vaults (0/5) D:13
 Depths (0/5) D:15

Altars:
Cheibriados
Dithmenos
Elyvilon
Fedhas
Gozag
Kikubaaqudgha
Makhleb
Nemelex Xobeh
Okawaru
Qazlal
Ru
Sif Muna
Trog
Vehumet
Yredelemnul
The Shining One
Beogh

Shops:
D:6 %?   D:7 :   D:14 !   D:15 =   Orc:4 **([   Shoals:1 ?


Innate Abilities, Weirdness & Mutations

You reflexively headbutt those who attack you in melee.
You have a pair of horns on your head.
You are partially covered in slimy green scales (AC +2).
You can spit weak poison.


Message History

You resist with almost no effort.
The merfolk hits you but does no damage.
The siren chants a haunting song.
You resist with almost no effort. The merfolk impaler misses you.
You impale the merfolk!! You headbutt the merfolk.
You kill the merfolk!
Trog accepts your kill. Something appears at your feet! Trog grants you a gift!
The merfolk impaler hits you but does no damage.
Space bends around you.
* * * LOW HITPOINT WARNING * * *
Your surroundings seem slightly different.
Splash!
You fall into the shallow water.
Moving in this stuff is going to be slow.
The merfolk impaler hits you from afar with a trident of distortion!
* * * LOW HITPOINT WARNING * * *
Space warps horribly around you!
You die...

≈≈≈≈≈≈≈..... P#
≈≈≈≈≈≈≈.... ..#
≈≈≈≈≈≈≈...##..#
≈≈≈≈≈≈≈...#.PP##
≈≈≈≈≈≈≈....P..P#
≈≈≈≈≈≈≈≈...≈PPP#
≈≈≈≈≈≈≈≈≈≈≈≈≈..###
≈≈≈≈≈≈≈@≈≈≈≈.P.P<.
≈≈≈≈≈≈....≈P≈.....
≈≈≈≈....?m.PP≈.)..
≈≈≈..P.##§PPP≈m≈≈≈≈≈≈≈≈≈
≈.....# #)))≈≈...≈≈≈≈≈≈≈
≈...#####......%..≈≈≈≈≈≈
≈..# #PP......##..≈≈≈≈≈
≈.. #PP>≈.#### ..≈≈≈≈
###P..# #.≈≈≈≈


You could see a merfolk impaler and a siren.

Vanquished Creatures
  2 krakens
  An orc warlord (Orc:4)
  A dire elephant (D:14)
  5 merfolk impalers
  An ice dragon (Lair:8)
  Harold (Lair:1)
  7 hydras
  2 merfolk avatars (Shoals:1)
  A catoblepas (Lair:7)
  2 merfolk aquamancers
  5 centaur warriors
  An alligator snapping turtle (Shoals:2)
  An ogre mage (D:15)
  A death yak (Lair:4)
  A tengu warrior (D:14)
  Urug (D:15)
  2 orc high priests (Orc:4)
  Nergalle (Lair:3)
  A wizard (D:14)
  An unseen horror (D:12)
  An ice devil (IceCv)
  8 skeletal warriors
  4 sea snakes
  A flayed ghost (D:11)
  17 harpies
  6 hill giants
  6 ugly things
  3 necromancers
  2 orc knights
  6 water nymphs (Shoals:1)
  2 lindwurms (Lair:8)
  4 cyclopes
  11 griffons
  13 slime creatures
  3 orc sorcerers (Orc:4)
  5 fauns (Shoals:1)
  3 black mambas
  8 manticores
  A naga mage (D:15)
  An eye of devastation (Lair:7)
  7 sirens
  2 centaur zombies
  2 ice statues (IceCv)
  5 torpor snails
  9 spiny frogs
  A fire drake (Lair:7)
  An efreet (D:15)
  5 kobold demonologists
  A tengu conjurer (D:14)
  5 trolls
  11 komodo dragons
  14 merfolk
  2 giant leeches (Lair:8)
  9 blue devils (IceCv)
  Grinder (D:3)
  3 wind drakes
  A freezing wraith (D:14)
  4 two-headed ogres
  32 blink frogs
  5 snapping turtles (Shoals:1)
  A spriggan (shapeshifter) (D:12)
  A trapdoor spider zombie (D:10)
  3 trapdoor spiders
  75 yaks
  7 water elementals
  A deep elf fighter (D:13)
  3 wyverns
  2 deep elf magi
  A steam dragon (D:9)
  9 wraiths
  6 basilisks
  8 hippogriffs
  10 wolves
  2 fire bats (D:11)
  4 hungry ghosts
  11 water moccasins
  3 mottled dragons
  A warg (Orc:4)
  6 vampire mosquitoes
  12 porcupines
  A swamp drake (D:12)
  5 sky beasts
  4 eyes of draining
  7 spiders (Lair:5)
  5 ice beasts
  38 orc warriors
  5 wasps
  11 ogres
  8 boggarts
  A komodo dragon zombie (Lair:3)
  7 big kobolds
  8 centaurs
  6 brain worms
  24 crocodiles
  18 giant frogs
  A wyvern zombie (D:13)
  A gnoll sergeant (D:9)
  A water moccasin zombie (D:10)
  4 scorpions
  A wyvern skeleton (D:14)
  2 troll zombies (D:11)
  7 killer bees
  18 wights
  4 electric eels
  8 crimson imps
  2 giant frog zombies
  2 giant frog skeletons
  A basilisk zombie (Lair:3)
  17 iguanas
  28 orc priests
  5 jellies
  5 centaur skeletons
  12 worker ants
  Natasha (thrice) (D:3)
  37 orc wizards
  8 hounds
  5 ogre zombies (D:11)
  26 sheep
  A hound zombie (D:7)
  3 worker ant zombies
  3 gnolls (D:9)
  22 adders
  59 river rats
  4 shadow imps
  18 white imps
  6 ufetubi (IceCv)
  2 oozes
  An adder skeleton (D:9)
  17 worms
  9 giant geckos
  191 orcs
  A ball python (D:5)
  18 bats
  9 goblins
  9 hobgoblins
  4 quokkas
  A ball python skeleton (D:4)
  A giant cockroach (D:4)
  12 giant newts
  3 goblin skeletons
  3 goblin zombies (D:7)
  4 hobgoblin zombies
  14 jackals
  42 kobolds
  A kobold skeleton (D:7)
  A kobold zombie (D:7)
  4 orc skeletons (D:11)
  14 orc zombies
  8 rats
  2 fungi
  8 plants
  7 tentacles
  2 tentacle segments (Shoals:2)
1279 creatures vanquished.

Vanquished Creatures (collateral kills)
  A sea snake (Shoals:3)
  A siren (Shoals:1)
  2 torpor snails (Lair:8)
  A merfolk (Shoals:3)
  A giant leech (Lair:8)
  A snapping turtle (Shoals:1)
  An orc warrior (Orc:4)
  A phantom (D:11)
  An ogre zombie (D:11)
  2 worms (Lair:8)
  A hobgoblin skeleton (D:11)
  A hobgoblin zombie (D:11)
  An orc skeleton (D:11)
  2 orc zombies (D:11)
17 creatures vanquished.

Vanquished Creatures (others)
  A deep elf mage (D:10)
  An orc wizard (D:13)
  2 white imps (IceCv)
  3 ufetubi (IceCv)
  A giant newt (D:12)
  7 fungi
  13 plants
  30 tentacles
  1005 tentacle segments
1063 creatures vanquished.

Grand Total: 2359 creatures vanquished

Notes
Turn   | Place    | Note
--------------------------------------------------------------
     0 | D:1      | nikopol the Minotaur Berserker began the quest for the Orb.
     0 | D:1      | Reached XP level 1. HP: 19/19 MP: 0/0
   220 | D:1      | Reached XP level 2. HP: 6/27 MP: 1/1
   622 | D:1      | Reached ** piety under Trog
   844 | D:1      | Reached skill level 4 in Fighting
  1007 | D:1      | Reached XP level 3. HP: 18/33 MP: 2/2
  1429 | D:2      | Found a snail-covered altar of Cheibriados.
  1533 | D:2      | Reached XP level 4. HP: 28/41 MP: 3/3
  1536 | D:2      | Found a basalt altar of Yredelemnul.
  1589 | D:2      | Found an iron altar of Okawaru.
  1907 | D:3      | Reached *** piety under Trog
  1918 | D:3      | Noticed Natasha
  1923 | D:3      | Killed Natasha
  1977 | D:3      | Noticed Natasha
  1983 | D:3      | Killed Natasha
  2218 | D:3      | Reached XP level 5. HP: 47/47 MP: 4/4
  2396 | D:3      | Noticed Grinder
  2396 | D:3      | Paralysed by Grinder for 2 turns
  2398 | D:3      | Noticed Natasha
  2399 | D:3      | Killed Natasha
  2404 | D:3      | Paralysed by Grinder for 7 turns
  2416 | D:3      | HP: 1/70 [Grinder/nerve-wracking pain (8)]
  2418 | D:3      | Killed Grinder
  2418 | D:3      | Reached skill level 5 in Fighting
  2418 | D:3      | Reached skill level 5 in Polearms
  2418 | D:3      | Reached XP level 6. HP: 2/56 MP: 5/5
  2811 | D:3      | Found a stormy altar of Qazlal.
  3180 | D:4      | Reached skill level 5 in Armour
  3273 | D:4      | Reached XP level 7. HP: 55/62 MP: 6/6
  3317 | D:4      | Reached skill level 6 in Fighting
  3841 | D:5      | Entered Level 5 of the Dungeon
  3897 | D:4      | Reached **** piety under Trog
  3897 | D:4      | Reached skill level 5 in Dodging
  4082 | D:5      | Reached XP level 8. HP: 71/71 MP: 7/7
  4250 | D:5      | Reached skill level 7 in Fighting
  4518 | D:5      | Found a bloodstained altar of Trog.
  4590 | D:5      | Found a sparkling altar of Nemelex Xobeh.
  4885 | D:6      | Found a radiant altar of Vehumet.
  4915 | D:6      | Found Seraphal's Magic Scroll Boutique.
  4976 | D:6      | Found Ovefawe's Food Emporium.
  5211 | D:6      | Found a staircase to the Ecumenical Temple.
  5521 | D:7      | Found a glowing golden altar of the Shining One.
  5568 | D:7      | Found a sacrificial altar of Ru.
  5710 | D:7      | Found a blossoming altar of Fedhas.
  5750 | D:7      | Reached skill level 8 in Fighting
  5750 | D:7      | Reached skill level 1 in Throwing
  5874 | D:7      | Reached XP level 9. HP: 81/81 MP: 8/8
  6365 | D:7      | Found Veuni's Book Shop.
  6935 | D:8      | Reached ***** piety under Trog
  7146 | D:8      | Reached skill level 9 in Fighting
  7234 | D:8      | Found a shadowy altar of Dithmenos.
  7531 | D:9      | Found a shadowy altar of Dithmenos.
  7538 | D:9      | Found an ancient bone altar of Kikubaaqudgha.
  7539 | D:9      | Found an opulent altar of Gozag.
  7751 | D:9      | Received a gift from Trog
  7785 | D:9      | Reached XP level 10. HP: 67/91 MP: 9/9
  8174 | D:9      | Found a deep blue altar of Sif Muna.
  8545 | D:10     | Entered Level 10 of the Dungeon
  8827 | D:10     | Reached skill level 10 in Fighting
  9203 | D:11     | Noticed a brown ugly thing
  9206 | D:11     | Reached skill level 10 in Polearms
  9214 | D:11     | Killed a brown ugly thing
  9214 | D:11     | Reached skill level 10 in Armour
  9273 | D:11     | Noticed a centaur warrior
  9285 | D:11     | Killed a centaur warrior
  9640 | D:11     | Reached XP level 11. HP: 79/101 MP: 10/10
  9689 | D:11     | Found a staircase to the Lair.
  9802 | D:11     | Received a gift from Trog
 10003 | D:11     | Reached skill level 11 in Fighting
 10046 | D:11     | Found a staircase to the Orcish Mines.
 10110 | D:11     | Noticed an eight-headed hydra
 10121 | D:11     | Killed an eight-headed hydra
 10231 | D:11     | Noticed a hill giant
 10237 | D:11     | Killed a hill giant
 10678 | D:11     | Found an ancient bone altar of Kikubaaqudgha.
 10699 | D:11     | Noticed a hill giant
 10710 | D:11     | Killed a hill giant
 10988 | D:11     | Found a runed door.
 10999 | D:11     | Found an opulent altar of Gozag.
 11022 | D:11     | Found a burning altar of Makhleb.
 11022 | D:11     | Found a white marble altar of Elyvilon.
 11073 | D:11     | Found a blossoming altar of Fedhas.
 11094 | D:11     | Found a sparkling altar of Nemelex Xobeh.
 11121 | D:11     | Reached skill level 5 in Throwing
 11305 | D:11     | Noticed a three-headed hydra
 11313 | D:11     | Killed a three-headed hydra
 11313 | D:11     | Reached skill level 12 in Fighting
 11955 | D:11     | Noticed a flayed ghost
 11963 | D:11     | Killed a flayed ghost
 12142 | Lair:1   | Entered Level 1 of the Lair of Beasts
 12339 | Lair:1   | Reached XP level 12. HP: 75/112 MP: 11/11
 12662 | Lair:1   | Noticed a seven-headed hydra
 12672 | Lair:1   | Killed a seven-headed hydra
 13156 | Lair:1   | Noticed Harold
 13164 | Lair:1   | Killed Harold
 13252 | Lair:1   | Noticed a seven-headed hydra
 13259 | Lair:1   | Killed a seven-headed hydra
 13834 | Lair:2   | Reached skill level 13 in Fighting
 14007 | Lair:2   | Reached ****** piety under Trog
 14199 | Lair:2   | Received a gift from Trog
 14998 | Lair:3   | Reached XP level 13. HP: 94/122 MP: 12/12
 15310 | Lair:3   | Noticed Nergalle
 15317 | Lair:3   | Killed Nergalle
 15317 | Lair:3   | Reached skill level 10 in Dodging
 15666 | Lair:3   | Gained mutation: You can spit weak poison. [potion of beneficial mutation]
 15667 | Lair:3   | Gained mutation: You are partially covered in slimy green scales (AC +2). [potion of beneficial mutation]
 15780 | Lair:3   | Got a pitted morningstar
 15781 | Lair:3   | Identified the cursed +2 morningstar "Xiwnois" {antimagic, rElec Stlth+} (You found it on level 3 of the Lair of Beasts)
 16174 | Lair:4   | Reached skill level 1 in Maces & Flails
 16868 | Lair:5   | Reached skill level 14 in Fighting
 16871 | Lair:5   | Received a gift from Trog
 17897 | Lair:5   | Found a hole to the Spider Nest.
 18286 | Lair:6   | Identified a scroll of acquirement
 18289 | Lair:6   | Got a bloodstained buckler
 18295 | Lair:6   | Identified the +0 buckler of Lethargy {rElec rC- MR++ Int+3} (You acquired it on level 6 of the Lair of Beasts)
 18530 | Lair:6   | Found a staircase to the Shoals.
 18546 | Lair:6   | Reached skill level 5 in Maces & Flails
 18674 | Lair:6   | Found a frozen archway.
 18681 | Lair:6   | Got a fine mace
 18869 | IceCv    | Entered an ice cave
 18939 | IceCv    | Received a gift from Trog
 20999 | Lair:6   | Received a gift from Trog
 21475 | Lair:6   | Reached XP level 14. HP: 110/133 MP: 4/13
 21733 | Lair:7   | Received a gift from Trog
 22035 | Lair:7   | Found a staircase to the Slime Pits.
 22049 | Lair:7   | Received a gift from Trog
 22674 | Lair:8   | Entered Level 8 of the Lair of Beasts
 22948 | Lair:8   | Identified the cursed +1 mace of Untimely Demise {flame, rElec rC+} (You found it on level 6 of the Lair of Beasts)
 23065 | Lair:8   | Found a runed door.
 23260 | Lair:8   | Reached skill level 1 in Shields
 23912 | Lair:8   | Received a gift from Trog
 24584 | Lair:2   | Received a gift from Trog
 24702 | Orc:1    | Entered Level 1 of the Orcish Mines
 24773 | Orc:1    | Found a roughly hewn altar of Beogh.
 24832 | Orc:1    | Reached skill level 15 in Fighting
 24949 | Orc:1    | Received a gift from Trog
 25401 | Orc:1    | Received a gift from Trog
 26312 | Orc:3    | Received a gift from Trog
 26951 | Orc:4    | Entered Level 4 of the Orcish Mines
 27020 | Orc:4    | Received a gift from Trog
 27163 | Orc:4    | Found a roughly hewn altar of Beogh.
 27199 | Orc:4    | Found a staircase to the Elven Halls.
 27220 | Orc:4    | Found a labyrinth entrance.
 27303 | Orc:4    | Found a roughly hewn altar of Beogh.
 27336 | Orc:4    | Found Xywn's General Store.
 27436 | Orc:4    | Found a roughly hewn altar of Beogh.
 27679 | Orc:4    | Noticed an orc warlord
 27717 | Orc:4    | Killed an orc warlord
 27722 | Orc:4    | Received a gift from Trog
 27975 | Orc:4    | Found Gitorof's Antique Weapon Boutique.
 27989 | Orc:4    | Found a roughly hewn altar of Beogh.
 28203 | Orc:4    | Found Nuilotom's Antique Armour Shop.
 28216 | Orc:4    | Bought the +9 armour of the Dragon King {rPois rF+ rC+ MR+} for 2371 gold pieces
 28320 | Orc:4    | Found a roughly hewn altar of Beogh.
 28365 | Orc:4    | Found a roughly hewn altar of Beogh.
 28384 | Orc:4    | Found Fehadden's General Store.
 28391 | Orc:4    | Bought a scroll of identify for 30 gold pieces
 28391 | Orc:4    | Bought an uncursed amulet of the gourmand for 450 gold pieces
 28780 | D:12     | Received a gift from Trog
 28869 | D:12     | Noticed an unseen horror
 28882 | D:12     | Killed an unseen horror
 28882 | D:12     | Reached skill level 10 in Maces & Flails
 29030 | D:12     | Reached XP level 15. HP: 137/141 MP: 14/14
 29514 | D:12     | Received a gift from Trog
 29589 | D:12     | Reached skill level 15 in Armour
 30207 | D:13     | Received a gift from Trog
 30221 | D:13     | Reached skill level 5 in Shields
 30333 | D:13     | Found a gate to the Vaults.
 30937 | D:14     | Received a gift from Trog
 31025 | D:14     | Found Ustrogg's Distillery.
 31028 | D:14     | Bought a potion of heal wounds for 55 gold pieces
 31028 | D:14     | Bought a potion of invisibility for 88 gold pieces
 31241 | D:14     | Found a basalt altar of Yredelemnul.
 31628 | D:15     | Entered Level 15 of the Dungeon
 31766 | D:15     | Noticed Urug
 31782 | D:14     | Received a gift from Trog
 31874 | D:15     | Killed Urug
 32053 | D:15     | Reached skill level 10 in Throwing
 32212 | D:15     | Found a staircase to the Depths.
 32228 | D:15     | Found Xienets's Jewellery Shop.
 32236 | D:15     | Bought the ring "Aghem" {+Blink rElec MR+ SInv} for 665 gold pieces
 32376 | D:15     | Received a gift from Trog
 32855 | Shoals:1 | Entered Level 1 of the Shoals
 33261 | Shoals:1 | Reached skill level 15 in Polearms
 33270 | Shoals:1 | Reached XP level 16. HP: 151/151 MP: 15/15
 33353 | Shoals:1 | Reached skill level 16 in Fighting
 33380 | Shoals:1 | Found Dici's Magic Scroll Shoppe.
 33414 | Shoals:1 | Found a runed door.
 33432 | Shoals:1 | Bought a scroll of identify for 30 gold pieces
 33777 | Shoals:1 | Received a gift from Trog
 33965 | Shoals:1 | HP: 2/151 [drowned by a drowned soul[a merfolk avatar] (12)]
 34739 | Shoals:1 | Noticed a kraken
 34798 | Shoals:1 | Killed a kraken
 34798 | Shoals:1 | Received a gift from Trog
 36399 | Shoals:3 | Received a gift from Trog
 36400 | Shoals:3 | Demolished by a merfolk impaler

Action                   |  1- 3 |  4- 6 |  7- 9 | 10-12 | 13-15 | 16-18 || total
-------------------------+-------+-------+-------+-------+-------+-------++-------
Melee: Spear             |   102 |   141 |    99 |       |       |       ||   342
       Trident           |       |       |   275 |   760 |    67 |       ||  1102
       Morningstar       |       |       |       |       |   610 |   102 ||   712
       Mace              |       |       |       |       |   915 |       ||   915
       Demon trident     |       |       |       |       |   311 |   343 ||   654
       Glaive            |       |       |       |       |   229 |       ||   229
Throw: Tomahawk          |       |       |    68 |   225 |    21 |     3 ||   317
       Javelin           |       |       |       |       |    50 |    70 ||   120
Invok: Berserk           |     1 |     1 |     1 |    10 |    17 |       ||    30
       Burn Spellbooks   |       |       |       |     2 |     3 |       ||     5
       Brothers in Arms  |       |       |       |     1 |     2 |     3 ||     6
       Trog's Hand       |       |       |       |       |     2 |     2 ||     4
 Abil: Evoke Blink       |       |       |       |       |       |     1 ||     1
Evoke: Wand              |       |       |       |       |     2 |       ||     2
  Use: Scroll            |       |       |       |    18 |    31 |     3 ||    52
       Potion            |       |       |       |       |     2 |     2 ||     4
 Stab: Distracted        |     1 |       |       |       |     1 |       ||     2
       Sleeping          |       |       |       |       |     7 |       ||     7
  Eat: Chunk             |     3 |     6 |    15 |    27 |   112 |    12 ||   175
       Bread ration      |       |       |     1 |       |       |       ||     1
       Beef jerky        |       |       |       |     2 |       |       ||     2
       Pizza             |       |       |       |     1 |       |       ||     1
       Royal jelly       |       |       |       |     1 |     1 |       ||     2
       Meat ration       |       |       |       |       |     3 |       ||     3
